 Dungeon Crawl Stone Soup version 0.29-a0-322-g68df515428 (webtiles) character file.

Game seed: 16814715522421183737

18 testman the Chiller (level 2, 0/19 HPs)
             Began as a Merfolk Ice Elementalist on Apr 8, 2022.
             Was a Follower of Zin.
             Succumbed to an adder's poison
             ... on level 2 of the Dungeon.
             The game lasted 00:02:08 (1691 turns).

testman the Chiller (Merfolk Ice Elementalist)      Turns: 1691, Time: 00:02:08

Health: 0/19       AC:  2    Str:  8    XL:     2   Next: 70%
Magic:  3/5        EV: 12    Int: 14    God:    Zin [*.....]
Gold:   63         SH:  0    Dex: 14    Spells: 5/6 levels left

rFire   . . .      SeeInvis .   e - +0 lajatang
rCold   . . .      Faith    .   (shield currently unavailable)
rNeg    . . .      Spirit   .   a - +0 robe
rPois   .          Reflect  .   (no helmet)
rElec   .          Harm     .   (no cloak)
rCorr   .          Rampage  .   (no gloves)
Will    .....                   (no boots)
Stlth   ++........              (no amulet)
HPRegen 0.06/turn               (no ring)
MPRegen 0.09/turn               (no ring)

@: brilliant, lethally poisoned (0 -> -1), on recite cooldown
A: (nimble swimmer 2), mertail
a: Renounce Religion, Recite, Donate Gold


You were on level 2 of the Dungeon.
You worshipped Zin.
Zin was aware of your devotion.
You visited 1 branch of the dungeon, and saw 2 of its levels.

You collected 70 gold pieces.
You donated 7 gold pieces to Zin.

Inventory:

Hand Weapons
 d - a +0 mace
 e - a +0 lajatang (weapon)
Missiles
 c - 46 stones
 i - 2 javelins
Armour
 a - a +0 robe (worn)
Scrolls
 f - a scroll of fear {unknown}
 g - a scroll of vulnerability {unknown}
 j - a scroll of identify {unknown}
Potions
 b - a potion of magic


   Skills:
 - Level 2.6 Dodging
 - Level 2.1 Stealth
 + Level 2.5 Spellcasting
 + Level 4.8 Ice Magic


You had 5 spell levels left.
You knew the following spells:

 Your Spells              Type           Power      Damage    Failure   Level
a - Freeze                Ice            92%        1d10      3%          1

Your spell library contained the following spells:

 Spells                   Type           Power      Damage    Failure   Level
 Frozen Ramparts          Ice            46%        1d6       10%         3
 Ozocubu's Armour         Ice            23%        N/A       10%         3
 Hailstorm                Conj/Ice       12%        3d5       63%         4


Dungeon Overview and Level Annotations

Branches:
Dungeon (2/15)

Altars:
Zin

Annotations:
D:2 Terence


Innate Abilities, Weirdness & Mutations

((You are very nimble when in or above water. (Stealth+, EV+, Speed+++)))
Your lower body shifts to a powerful aquatic tail in water.


Message History

Press: ? - help, Dir - look around, f - activate You clear your throat and prepare to recite. "To the devout, Zin provideth.
From the rest..."
Terence is dazed by your recitation.
* * * LOW HITPOINT WARNING * * *
You feel sick.
You hear a shout!
The goblin closely misses you. The adder misses you.
It was a potion of brilliance.
You feel clever all of a sudden. "...ye bastard children of Xom, ye guilty..."
* * * LOW HITPOINT WARNING * * *
You feel sick. The goblin hits you but does no damage.
Terence is lost in a daze.
The adder barely misses you.
Aiming: Freeze (safe; 3% risk of failure)
Press: ? - help, Q - select action, (/) - cycle Shift-Dir - straight line, f - adder
Aim: an adder You feel a surge of power!
You freeze the adder.
The adder is lightly wounded. "...of discord, Zin taketh."
You finish reciting Abominations 5:38.
* * * LOW HITPOINT WARNING * * *
You feel sick.
Terence is no longer dazed.
The adder closely misses you. The goblin barely misses you.
Aiming: Freeze (safe; 3% risk of failure)
Press: ? - help, Q - select action, (/) - cycle Shift-Dir - straight line, f/p - adder
Aim: an adder (lightly wounded)
You feel a surge of power!
You freeze the adder.
The adder is heavily wounded.
The adder seems to slow down.
* * * LOW HITPOINT WARNING * * *
You feel sick. The goblin hits you with a +0 dagger.
* * * LOW HITPOINT WARNING * * *
A rat comes into view.
The adder barely misses you.
Terence asks, "Do you want it fast or slow?"
The goblin attacks as you move away! The goblin hits you but does no damage.
* * * LOW HITPOINT WARNING * * *
You feel sick.
You die...

#.............#
#.......#.....#
#.......#....... .#
##..##.##.....#. ...
#####...##.########.
#.###...#..###.#
##.........##....
..............###
##....@######
#..#.#$..####.
#....gS......#
#.....###...##
#......? ...#
.........# ..#
.......... ..#
........... .#
.......r...


You could see an adder (slow) and a goblin.

Vanquished Creatures
  2 dart slugs (D:1)
  A bat (D:1)
  An endoplasm (D:1)
  A goblin (D:1)
  3 hobgoblins (D:1)
  2 kobolds (D:1)
  A quokka (D:1)
  2 rats (D:1)
13 creatures vanquished.

Vanquished Creatures (others)
  A plant (D:1)
1 creature vanquished.

Grand Total: 14 creatures vanquished

Notes
Turn   | Place    | Note
-------+----------+-------------------------------------------
     0 | D:1      | testman the Merfolk Ice Elementalist began the quest for
                  | the Orb.
     0 | D:1      | Reached XP level 1. HP: 13/13 MP: 3/3
   544 | D:1      | Reached XP level 2. HP: 15/19 MP: 3/5
  1534 | D:1      | Found a faded altar of an unknown god.
  1552 | D:1      | Prayed at the altar of an unknown god.
  1552 | D:1      | Became a worshipper of Zin the Law-Giver
  1552 | D:1      | Reached * piety under Zin
  1682 | D:2      | Noticed Terence
  1691 | D:2      | Succumbed to an adder's poison

Illustrated notes

Levels and vault maps discovered:
D:1:      dpeg_arrival_circle_labyrinth_c, layout_loops_ring,
          shapermc_ecumenical_altar_ellora
D:2:      layout_rooms, uniq_sigmund, uniq_terence, uniq_robin

Action                   || total
-------------------------++-------
Melee: Mace              ||     5
       Unarmed           ||     4
       Lajatang          ||    22
 Cast: Freeze            ||    13
Invok: Recite            ||     1
  Use: Potion            ||     1
 Stab: Sleeping          ||     2
Armor: Robe              ||     4
Dodge: Dodged            ||    27

Table legend: (Time is in decaauts)
 A = Elapsed time spent in this place.
 B = Non-inter-level travel time spent in this place.
 C = Inter-level travel time spent in this place.
 D = Time resting spent in this place.
 E = Time spent auto-exploring this place.
 F = Levels seen in this place.
 G = Mean time per level.
                   A        B        C        D        E       F      G
               +--------+--------+--------+--------+--------+-----+--------+
         Total |   1700 |   1642 |     58 |    441 |   1052 |   2 |  850.0 |
       Dungeon |   1700 |   1642 |     58 |    441 |   1052 |   2 |  850.0 |
               +--------+--------+--------+--------+--------+-----+--------+

Top non-repeatable levels by time:
     D:1: 1672 daAuts
     D:2: 28 daAuts
